 Dungeon Crawl Stone Soup version 0.30-a0-883-g5ad918d77d (webtiles) character file.

Game seed: 312235590858988805

258331 FexLirch the Grappler (level 18, 0/197 HPs)
             Began as a Demigod Transmuter on Mar 16, 2023.
             Slain by Agnes
             ... wielding a +2 lajatang of electrocution
              (21 damage)
             ... on level 2 of the Orcish Mines.
             The game lasted 03:05:59 (33031 turns).

FexLirch the Grappler (Demigod Transmuter)         Turns: 33031, Time: 03:06:00

Health: 0/197      AC: 32    Str: 21    XL:     18   Next: 42%
Magic:  24/37      EV: 17    Int: 35    God:
Gold:   520        SH:  7    Dex: 14    Spells: 6/37 levels left

rFire   + + .      SeeInvis .      - Unarmed
rCold   + + .      Faith    .    w - +2 buckler {AC+3}
rNeg    + + .      Spirit   .    N - melded +2 robe {Archmagi}
rPois   ∞          Reflect  .    J - -2 hat of the Alchemist {rElec rPois rF+ rC+ rN+ Will+ rMut rCorr}
rElec   +          Rampage  .    E - scarf {rC+ rF+}
rCorr   +                        x - melded +1 pair of gloves
rMut    +                        R - melded +1 pair of boots {Stlth+}
Will    +++..                    K - amulet of regeneration
Stlth   +                        V - ring of willpower
HPRegen 1.32/turn                Z - +6 ring of strength
MPRegen 0.25/turn

@: statue-form, forested, hasted, studying Long Blades, quick
A: slow and powerful, torment resistance 1, boosted hp, high MP 1, forlorn,
divine attributes
}: 2/15 runes: decaying, gossamer
a: End Transformation


You were on level 2 of the Orcish Mines.
You were a living statue of rough stone.
You visited 7 branches of the dungeon, and saw 32 of its levels.
You also visited: Bailey.

You collected 2343 gold pieces.
You spent 1823 gold pieces at shops.

Inventory:

Hand Weapons
 o - a +2 sling of draining
 u - the +4 war axe "Ufemaelu" {speed, rPois rN+}
   (You found it on level 1 of the Swamp)

   rPois:     It protects you from poison.
   rN:        It protects you from negative energy.
Missiles
 i - 37 poisoned darts (quivered)
 B - a throwing net
Armour
 w - a +2 buckler of protection (worn)
 x - a +1 pair of gloves (melded)
 E - a scarf of resistance (worn)
 J - the -2 hat of the Alchemist (worn) {rElec rPois rF+ rC+ rN+ Will+ rMut rCorr}
   (You bought it in a shop on level 2 of the Orcish Mines)

   rF:        It protects you from fire.
   rC:        It protects you from cold.
   rElec:     It insulates you from electricity.
   rPois:     It protects you from poison.
   rN:        It protects you from negative energy.
   rCorr:     It protects you from acid and corrosion.
   rMut:      It protects you from mutation.
   Will:      It increases your willpower.
 N - a +2 robe of the Archmagi (melded)
 R - a +1 pair of boots of stealth (melded)
 T - a +0 kite shield
Magical Staves
 e - a staff of cold
 y - a staff of earth
Jewellery
 k - a ring of see invisible
 z - a ring of magical power
 A - an amulet of magic regeneration
 D - a ring of protection from fire
 G - a ring of wizardry
 K - an amulet of regeneration (around neck)
 V - a ring of willpower (left fist)
 Z - a +6 ring of strength (right fist)
Wands
 j - a wand of mindburst (5)
 M - a wand of quicksilver (25)
 O - a wand of iceblast (32)
 X - a wand of charming (17)
Scrolls
 d - 7 scrolls of teleportation
 h - 4 scrolls of magic mapping
 n - a scroll of poison
 p - a scroll of summoning
 r - 6 scrolls of fog
 t - 5 scrolls of blinking
 F - 2 scrolls of immolation
 L - 2 scrolls of silence
 U - 2 scrolls of torment
 W - 4 scrolls of vulnerability
Potions
 a - 3 potions of haste
 b - 5 potions of lignification
 c - a potion of heal wounds
 f - 11 potions of curing
 g - 5 potions of might
 l - 9 potions of brilliance
 m - 6 potions of magic
 q - 5 potions of attraction
 s - 5 potions of flight
 v - a potion of resistance
 H - 4 potions of ambrosia
 P - 2 potions of mutation
 Q - a potion of invisibility
 S - 2 potions of cancellation
Miscellaneous
 C - a phantom mirror
 Y - a lightning rod (4/4)


   Skills:
 + Level 11.7 Fighting
 + Level 11.8 Dodging
 - Level 3.3 Shields
 + Level 13.4 Unarmed Combat
 + Level 10.2 Spellcasting
 - Level 6.0 Hexes
 + Level 10.0 Summonings
 + Level 7.0 Translocations
 + Level 13.2 Transmutations
 - Level 7.0 Ice Magic
 - Level 7.0 Earth Magic


You had 6 spell levels left.
You knew the following spells:

 Your Spells              Type           Power      Damage    Failure   Level
a - Summon Forest         Summ/Tloc      33%        N/A       2%          5
b - Wereblood             Tmut           84%        N/A       1%          2
d - Passage of Golubria   Tloc           61%        N/A       1%          4
e - Summon Ice Beast      Ice/Summ       67%        N/A       1%          4
f - Summon Mana Viper     Hex/Summ       65%        N/A       3%          5
g - Statue Form           Tmut/Erth      48%        N/A       8%          6
h - Yara's Violent Unrav  Hex/Tmut       35%        3d14      1%          5

Your spell library contained the following spells:

 Spells                   Type           Power      Damage    Failure   Level
 Beastly Appendage        Tmut           100%       N/A       0%          1
 Apportation              Tloc           100%       N/A       1%          1
 Summon Small Mammal      Summ           100%       N/A       1%          1
 Spider Form              Tmut/Pois      59%        N/A       1%          3
 Tukima's Dance           Hex            56%        N/A       1%          3
 Animate Armour           Summ/Erth      100%       N/A       1%          4
 Ice Form                 Ice/Tmut       73%        N/A       1%          4
 Petrify                  Tmut/Erth      73%        N/A       1%          4
 Blade Hands              Tmut           42%        N/A       1%          5
 Dazzling Flash           Conj/Hex       76%        N/A       2%          3
 Leda's Liquefaction      Hex/Erth       29%        N/A       2%          4
 Necrotise                Necr           68%        1d7       3%          1
 Shock                    Conj/Air       68%        1d7       3%          1
 Sublimation of Blood     Necr           17%        N/A       4%          2
 Lee's Rapid Deconstruct  Erth           30%        3d16*     4%          5
 Irradiate                Conj/Tmut      29%        3d21      6%          5
 Metabolic Englaciation   Hex/Ice        29%        N/A       6%          5
 Swiftness                Air            17%        N/A       10%         3
 Silence                  Hex/Air        19%        N/A       26%         5
 Airstrike                Air            8%         2d(2-18)  32%         4
 Sticky Flame             Conj/Fire      17%        2d4       32%         4
 Eringya's Noxious Bog    Tmut/Pois      29%        N/A       32%         6
 Agony                    Necr           17%        N/A       65%         5
 Arcjolt                  Conj/Air       8%         1d18      65%         5
 Iron Shot                Conj/Erth      21%        9d5       75%         6
 Dragon Form              Tmut           42%        N/A       12%         7
 Monstrous Menagerie      Summ           36%        N/A       41%         7
 Summon Hydra             Summ           36%        N/A       41%         7
 Spellforged Servitor     Conj/Summ      26%        N/A       98%         7
 Lehudib's Crystal Spear  Conj/Erth      21%        10d6      100%        8


Dungeon Overview and Level Annotations

Branches:
Dungeon (15/15)            Temple (1/1) D:6            Lair (5/5) D:11
  Swamp (4/4) Lair:3       Spider (4/4) Lair:3        Slime (0/5) Lair:4
    Orc (2/2) D:12            Elf (1/3) Orc:2        Vaults (0/5) D:13
 Depths (0/4) D:15         Bailey (visited)

Shops:
D:4 [   D:9 *   Orc:2 [==*[

Annotations:
D:9 1 transporter
Lair:2 exclusion: downstairs
Lair:4 exclusions: downstairs and hydra
Swamp:4 1 exclusion
Orc:2 Agnes


Innate Abilities, Weirdness & Mutations

You are a living statue of rough stone.
Your actions are slow, but your melee attacks are powerful.
You are resistant to unholy torment.
Your maximum health is greatly increased.
You are immune to poison.
Your equipment is partially melded.
You have an increased reservoir of magic. (+10% MP)
You shall have no god before yourself.
Your divine heritage dramatically boosts your attributes as you level up.


Message History

* * * LOW HITPOINT WARNING * * *
The +4 battleaxe of freezing hits your dryad!!
The +4 battleaxe of freezing freezes your dryad!
Your dryad dies!
Your dryad's corpse disappears in a puff of smoke!
The forest abruptly stops moving.
Agnes hits you but does no damage.
You feel much better.
Agnes hits you with a +2 lajatang of electrocution!
* * * LOW HITPOINT WARNING * * *
The +4 battleaxe of freezing hits you but does no damage.
Agnes completely misses you.
Okay, then.
Unknown command.
You pummel Agnes!!
Agnes is heavily wounded.
The +4 battleaxe of freezing barely misses you.
Agnes hits you but does no damage.
You hit Agnes.
Agnes is heavily wounded.
Agnes hits you but does no damage.
The +4 battleaxe of freezing completely misses you.
Agnes hits you but does no damage.
You pulverise Agnes!!!
Agnes is severely wounded.
The +4 battleaxe of freezing hits you!
* * * LOW HITPOINT WARNING * * *
The +4 battleaxe of freezing freezes you.
* * * LOW HITPOINT WARNING * * *
Agnes barely misses you.
You barely miss Agnes.
Agnes is severely wounded.
You block Agnes's attack. The +4 battleaxe of freezing hits you!!
* * * LOW HITPOINT WARNING * * *
The +4 battleaxe of freezing freezes you.
* * * LOW HITPOINT WARNING * * *
You feel much better.
Agnes hits you with a +2 lajatang of electrocution!!
* * * LOW HITPOINT WARNING * * *
Agnes hits you with a +2 lajatang of electrocution!!
You die...

##.##.....................
#...#..........♣..........
##........♣..♣............
#........♣.♣.............
#.........................
#....♣...♣.................
##.###♣.#...♣..............
## ♣#......[)...........
♣..i8....).[.........
##...(....[).........
♣..................#.
♣♣........#.#........
##....♣...♣#.........
#...♣....##..........
#♣.....#####.........
##.##.♣# ##.##...#. ######
#########


You could see Agnes and a +4 battleaxe of freezing.

Vanquished Creatures
  A thorn hunter (Swamp:4)
  Kirke (D:15)
  Louise (D:14)
  An emperor scorpion (Spider:2)
  3 ghost moths
  A broodmother (Spider:3)
  Nessos (Lair:4)
  5 eleionomae
  A spark wasp (Spider:3)
  2 bunyips
  An ettin (Orc:2)
  Fannar (D:12)
  7 entropy weavers
  11 hydras
  3 ghost crabs (Swamp:4)
  6 radroaches
  A merfolk avatar (Lair:5)
  2 jorogumos
  A spriggan air mage (Swamp:2)
  6 boulder beetles
  5 centaur warriors
  The ghost of deadpool521 the Cleaver, a novice MiFi of Okawaru (D:8)
  A death yak (Lair:2)
  7 alligators
  3 tengu warriors
  Urug (Lair:4)
  6 spriggans
  2 orc high priests (Orc:2)
  A skyshark (Lair:5)
  An iron troll (D:13)
  8 pharaoh ants
  A shadow wraith (D:13)
  3 sun moths
  2 spriggan druids
  A goliath frog (Swamp:4)
  4 bog bodies (Swamp:4)
  A slime creature (D:15)
  4 orb spiders
  A wizard (D:13)
  3 swamp dragons
  A harpy (shapeshifter) (D:14)
  A necromancer (D:15)
  7 steelbarb worms
  4 deep elf pyromancers
  A harpy (Lair:5)
  A deep elf zephyrmancer (Elf:1)
  2 orc knights
  10 wolf spiders
  3 will-o-the-wisps
  2 orc sorcerers (Orc:2)
  6 manticores
  2 cyclopes
  A shining eye (shapeshifter) (D:13)
  3 moths of wrath
  10 ugly things
  7 elephants
  3 torpor snails
  7 demonic crawlers
  2 black mambas
  7 cane toads
  Joseph (D:10)
  2 centaur skeletons (D:15)
  An unseen horror (D:7)
  3 gargoyles
  2 kobold demonologists (D:12)
  A yaktaur (D:15)
  3 komodo dragons
  A freezing wraith (D:14)
  6 rime drakes
  6 trolls
  5 meliai (Spider:4)
  22 tarantellas
  8 hornets
  7 tyrant leeches
  A wind drake (Lair:5)
  Prince Ribbit (D:6)
  2 nameless horrors
  6 blink frogs
  2 snapping turtles (Lair:5)
  5 dream sheep
  13 culicivoras
  23 jumping spiders
  A shadow (D:11)
  Sigmund (D:6)
  26 yaks
  2 vampires
  2 wraiths (D:7)
  A hog (D:15)
  4 wyverns
  3 steam dragons
  8 vampire mosquitoes
  Menkaure (D:4)
  30 redbacks
  11 swamp worms
  9 water moccasins
  An ice beast (D:6)
  5 swamp drakes
  18 orc warriors
  2 black bears
  9 wolves
  3 ogres
  A phantom (D:7)
  4 centaurs
  2 kobold brigands
  2 gnoll sergeants
  7 bullfrogs
  4 scorpions
  7 wights (D:8)
  10 killer bees
  8 wolf zombies (Bailey)
  10 howler monkeys
  2 electric eels
  7 vampire bats (Bailey)
  4 crimson imps (D:9)
  A quasit (D:7)
  A jelly (Lair:4)
  15 orc priests
  2 gnoll boudas
  5 hounds
  2 sleepcaps
  3 iguanas (D:4)
  25 orc wizards
  A boggart simulacrum (D:14)
  7 adders
  18 gnolls
  5 shadow imps
  2 white imps (D:7)
  2 ufetubi
  3 worms
  A dart slug (D:4)
  50 orcs
  4 endoplasms
  3 giant cockroaches
  14 goblins
  8 hobgoblins
  7 jackals (D:4)
  2 quokkas
  8 ball pythons
  8 bats
  A frilled lizard (D:3)
  12 kobolds
  22 orc zombies (Bailey)
  8 rats
  A briar patch (Swamp:4)
759 creatures vanquished.

Vanquished Creatures (collateral kills)
  the Lernaean hydra (Swamp:4)
  A tentacled monstrosity (Swamp:2)
  4 eleionomae
  2 bunyips
  3 entropy weavers
  7 hydras
  A ghost crab (Swamp:4)
  A centaur warrior (D:15)
  2 radroaches (Spider:3)
  2 boulder beetles
  4 alligators
  A dancing weapon (Elf:1)
  2 orc high priests (Orc:2)
  A skyshark (Lair:4)
  2 spriggans
  A sea snake (Lair:5)
  3 goliath frogs
  10 orb spiders
  A spriggan druid (Swamp:2)
  6 swamp dragons
  4 pharaoh ants
  An orc knight (Orc:2)
  2 deep elf zephyrmancers (Elf:1)
  A wizard (D:15)
  3 steelbarb worms
  A deep elf pyromancer (Elf:1)
  8 ugly things
  An orc sorcerer (D:15)
  9 wolf spiders
  3 will-o-the-wisps
  6 elephants (Lair:5)
  2 naga magi (D:15)
  2 torpor snails (Spider:4)
  A demonic crawler (Spider:4)
  A rime drake (Lair:5)
  2 centaur skeletons (D:15)
  A kobold demonologist (D:12)
  A komodo dragon (Lair:5)
  A yaktaur (D:15)
  A troll (D:14)
  A meliai (Spider:4)
  2 polar bears (Lair:5)
  3 tyrant leeches
  2 hornets
  18 tarantellas
  9 dream sheep
  A slime creature (D:15)
  14 jumping spiders
  7 culicivoras
  3 yaks
  2 basilisks
  6 hogs (D:15)
  2 wyverns (Lair:5)
  8 vampire mosquitoes
  25 redbacks
  4 swamp worms
  4 orc warriors
  A swamp drake (Swamp:4)
  4 ogres
  A kobold brigand (D:7)
  2 bullfrogs
  An electric eel (Spider:3)
  12 orc priests
  8 orc wizards
  A gnoll (D:7)
  19 orcs
  7 briar patches (Swamp:4)
273 creatures vanquished.

Vanquished Creatures (others)
  4 bloated husks
  A tarantella (Spider:4)
  A culicivora (Spider:3)
  8 demonic plants (D:7)
  27 foxfires
  16 fungi
  46 plants
  13 snaplasher vines
116 creatures vanquished.

Grand Total: 1148 creatures vanquished

Notes
Turn   | Place    | Note
-------+----------+-------------------------------------------
     0 | D:1      | FexLirch the Demigod Transmuter began the quest for the
                  | Orb.
     0 | D:1      | Reached XP level 1. HP: 15/15 MP: 5/5
   421 | D:1      | Reached XP level 2. HP: 14/22 MP: 7/7
   424 | D:1      | Learned a level 2 spell: Wereblood
   973 | D:2      | Reached XP level 3. HP: 26/27 MP: 5/8
  1823 | D:3      | Got the Lectures on Hurting and Reconstruction
  2322 | D:3      | Reached XP level 4. HP: 33/34 MP: 9/9
  2808 | D:4      | Reached skill level 1 in Ice Magic
  2850 | D:4      | Noticed an ogre
  2879 | D:4      | Killed an ogre
  2880 | D:4      | Reached XP level 5. HP: 39/39 MP: 8/10
  3047 | D:4      | Reached XP level 6. HP: 46/46 MP: 9/11
  3047 | D:4      | Noticed Menkaure
  3107 | D:4      | Found Opoqisymn's Armour Shoppe.
  3223 | D:4      | Learned a level 4 spell: Ice Form
  3269 | D:4      | Killed Menkaure
  3270 | D:4      | Reached skill level 5 in Unarmed Combat
  3540 | D:5      | Entered Level 5 of the Dungeon
  3834 | D:5      | Reached XP level 7. HP: 35/51 MP: 6/12
  4167 | D:5      | Reached skill level 5 in Transmutations
  4870 | D:6      | Reached XP level 8. HP: 58/58 MP: 8/13
  5352 | D:6      | Found a staircase to the Ecumenical Temple.
  5366 | Temple   | Entered the Ecumenical Temple
  5382 | D:6      | Noticed Sigmund
  5398 | D:6      | Killed Sigmund
  5399 | D:6      | Reached skill level 5 in Ice Magic
  5749 | D:6      | Noticed Prince Ribbit
  5770 | D:6      | Killed Prince Ribbit
  5925 | D:7      | Reached skill level 1 in Fighting
  5932 | D:6      | HP: 3/70 [yak (12)]
  5951 | D:6      | Reached XP level 9. HP: 25/67 MP: 12/14
  6237 | D:7      | Found a runed translucent door.
  6238 | D:7      | Found a runed translucent door.
  7208 | D:8      | Found a runed translucent gate.
  7208 | D:8      | Found a runed translucent gate.
  7209 | D:8      | Found a runed translucent gate.
  7541 | D:8      | Reached XP level 10. HP: 77/77 MP: 15/15
  7727 | D:8      | Noticed deadpool521's ghost (novice MiFi)
  8197 | D:9      | Found a transporter.
  8382 | D:9      | Found Zareusus's General Store.
  8521 | D:9      | Noticed a red ugly thing
  8532 | D:9      | Learned a level 3 spell: Spider Form
  9091 | D:10     | Entered Level 10 of the Dungeon
  9254 | D:10     | Noticed Joseph
  9388 | D:10     | Found a flagged portal.
  9396 | Bailey   | Entered a bailey
  9675 | Bailey   | Reached skill level 5 in Dodging
 10187 | D:10     | Killed Joseph
 10188 | D:10     | Reached skill level 5 in Fighting
 10433 | D:10     | Identified the +5 flail of the Pyrrhic Victory {heavy,
                  | rElec Will- Str-5 Dex+8}
 10587 | D:11     | Found a staircase to the Lair.
 10600 | D:11     | Noticed a centaur warrior
 10612 | D:11     | Killed a centaur warrior
 10801 | D:11     | Learned a level 4 spell: Summon Ice Beast
 11371 | D:11     | Noticed a boulder beetle
 11699 | D:12     | Reached XP level 11. HP: 37/88 MP: 12/20
 12160 | D:12     | Reached skill level 1 in Summonings
 12401 | D:12     | Found a staircase to the Orcish Mines.
 12735 | D:12     | Noticed Fannar
 12745 | D:12     | Noticed a deep elf pyromancer
 12809 | Lair:1   | Entered Level 1 of the Lair of Beasts
 14047 | Lair:2   | Noticed a death yak
 14047 | Lair:2   | Noticed a death yak
 14223 | Lair:2   | Reached skill level 5 in Spellcasting
 14465 | Lair:2   | Noticed a death yak
 14465 | Lair:2   | Noticed a death yak
 14514 | Lair:2   | Killed a death yak
 14673 | Lair:3   | Reached XP level 12. HP: 97/97 MP: 18/23
 14871 | Lair:3   | Found a staircase to the Swamp.
 15057 | Lair:2   | Reached skill level 1 in Hexes
 15666 | Lair:4   | Noticed Nessos
 15680 | Lair:4   | Killed Nessos
 15693 | Lair:4   | Learned a level 5 spell: Summon Mana Viper
 15757 | Lair:4   | Noticed an eight-headed hydra
 15801 | Lair:4   | Noticed Urug
 15812 | Lair:4   | Killed Urug
 15827 | Lair:4   | Found a runed translucent door.
 15829 | Lair:4   | Found a staircase to the Slime Pits.
 16020 | Lair:4   | Reached skill level 10 in Unarmed Combat
 16410 | Lair:5   | Entered Level 5 of the Lair of Beasts
 16544 | Lair:5   | Reached skill level 1 in Earth Magic
 16721 | Lair:5   | Noticed a six-headed hydra
 16982 | Lair:5   | Reached skill level 10 in Transmutations
 17035 | Lair:5   | Reached skill level 5 in Summonings
 17550 | Lair:5   | Noticed a merfolk avatar
 17955 | Lair:5   | Killed a merfolk avatar
 17956 | Lair:5   | Reached XP level 13. HP: 106/106 MP: 19/26
 17965 | Lair:5   | Identified the +3 rapier of Jepsaq {flame, rPois}
 18496 | Orc:1    | Entered Level 1 of the Orcish Mines
 18845 | Orc:2    | Entered Level 2 of the Orcish Mines
 19356 | Orc:2    | Found Jostuvimp's Antique Armour Shoppe.
 19695 | Orc:2    | Found Xaikk's Jewellery Emporium.
 19695 | Orc:2    | Found Josodwub's Assorted Antiques.
 19699 | Orc:2    | Found Luqipul's Armour Emporium.
 19699 | Orc:2    | Found Rearufyalu's Jewellery Shoppe.
 19724 | Orc:2    | Learned a level 6 spell: Statue Form
 19780 | Orc:2    | Bought the -2 hat of the Alchemist {rElec rPois rF+ rC+ rN+
                  | Will+ rMut rCorr} for 519 gold pieces
 19780 | Orc:2    | Found the -2 hat of the Alchemist {rElec rPois rF+ rC+ rN+
                  | Will+ rMut rCorr}
 19786 | Orc:2    | Bought an amulet of magic regeneration for 390 gold pieces
 19840 | Orc:2    | Bought a runed cloak for 217 gold pieces
 19840 | Orc:2    | Bought a shiny buckler for 217 gold pieces
 20075 | Orc:2    | Found a staircase to the Elven Halls.
 20446 | Swamp:1  | Entered Level 1 of the Swamp
 20446 | Swamp:1  | Noticed an eleionoma
 20446 | Swamp:1  | Noticed an eleionoma
 20453 | Swamp:1  | Killed an eleionoma
 20456 | Swamp:1  | Killed an eleionoma
 20719 | Swamp:1  | Reached skill level 1 in Shields
 20743 | Swamp:1  | Identified the +4 war axe "Ufemaelu" {speed, rPois rN+}
 21292 | Orc:2    | Bought an amulet of regeneration for 480 gold pieces
 21646 | Swamp:1  | Noticed a bunyip
 21654 | Swamp:1  | Killed a bunyip
 21825 | Swamp:2  | Noticed a bunyip
 21890 | Swamp:1  | Killed a bunyip
 21891 | Swamp:1  | Reached XP level 14. HP: 64/116 MP: 16/28
 21967 | Swamp:2  | Reached skill level 5 in Hexes
 22158 | Swamp:2  | You fall into a shaft and drop 1 floor!
 22653 | Swamp:4  | Entered Level 4 of the Swamp
 23112 | Swamp:2  | Reached skill level 5 in Earth Magic
 23403 | Swamp:2  | Noticed a tentacled monstrosity
 23409 | Swamp:2  | Killed a tentacled monstrosity
 24039 | Swamp:4  | Learned a level 5 spell: Summon Forest
 24176 | Swamp:4  | Reached XP level 15. HP: 125/125 MP: 22/31
 24223 | Swamp:4  | Reached skill level 1 in Translocations
 24490 | Swamp:4  | Noticed a thorn hunter
 24501 | Swamp:4  | Killed a thorn hunter
 24722 | Swamp:4  | Noticed the 27-headed Lernaean hydra
 24723 | Swamp:4  | Killed the 27-headed Lernaean hydra
 24736 | Swamp:4  | Got a decaying rune of Zot
 24948 | Lair:3   | Found a hole to the Spider Nest.
 24971 | Spider:1 | Entered Level 1 of the Spider Nest
 25110 | Spider:1 | You fall into a shaft and drop 1 floor!
 25252 | Spider:2 | Reached skill level 10 in Dodging
 25738 | Spider:1 | Reached skill level 10 in Fighting
 26155 | Spider:2 | Learned a level 4 spell: Passage of Golubria
 26966 | Spider:2 | Reached XP level 16. HP: 135/135 MP: 19/33
 28044 | Spider:4 | Entered Level 4 of the Spider Nest
 28072 | Spider:4 | Reached skill level 5 in Translocations
 29407 | Spider:4 | Got a gossamer rune of Zot
 29658 | D:9      | Reached XP level 17. HP: 144/144 MP: 35/35
 29665 | D:9      | Learned a level 5 spell: Yara's Violent Unravelling
 30120 | D:8      | Killed deadpool521's ghost
 30347 | D:12     | Killed Fannar
 30348 | D:12     | Reached XP level 18. HP: 151/151 MP: 25/36
 30530 | D:13     | Identified the +1 spear of the Philosopher {heavy, *Noise
                  | Str+3 Int+6}
 30642 | D:13     | Found a gate to the Vaults.
 30874 | D:13     | You fall into a shaft and drop 1 floor!
 31177 | D:14     | Reached skill level 10 in Spellcasting
 31469 | D:14     | Noticed Louise
 31487 | D:14     | Killed Louise
 31911 | D:15     | Entered Level 15 of the Dungeon
 31911 | D:15     | Noticed Kirke
 32106 | D:15     | Killed Kirke
 32822 | D:15     | Found a staircase to the Depths.
 32992 | Elf:1    | Entered Level 1 of the Elven Halls
 33006 | Elf:1    | Reached skill level 10 in Summonings
 33011 | Elf:1    | Noticed Agnes
 33031 | Orc:2    | Slain by Agnes

Illustrated notes

Levels and vault maps discovered:
D:1:      minmay_arrival_widening_spiral_wide, layout_rooms
D:2:      layout_loops_ring
D:3:      layout_loops_ring, zin_statuary, kennysheep_generic_room_16
D:4:      minmay_door_path, layout_basic, kennysheep_little_box,
          mainiacjoe_overflow_surrounded_room, serial_shops,
          nicolae_shop_waterfront, chequers_serial_rivers_small_b,
          kennysheep_generic_room_7, uniq_menkaure
D:5:      layout_basic, marbit_many_paths
D:6:      layout_loops_corners, minmay_temple_entry_glass, uniq_sigmund,
          uniq_prince_ribbit1
D:7:      minmay_the_grid_triangle_9x9_rhombus_full
          [minmay_the_grid_triangle_9x9_swiss_cheese,
          minmay_the_grid_triangle_9x9_negative_grid,
          minmay_the_grid_triangle_9x9_corruption,
          minmay_the_grid_triangle_9x9_tough_junction,
          minmay_the_grid_triangle_9x9_cache,
          minmay_the_grid_triangle_9x9_checkered,
          minmay_the_grid_triangle_9x9_shrine,
          minmay_the_grid_triangle_9x9_prize_center], layout_rooms,
          serial_demonic, serial_demonic_g, serial_demonic_e, serial_demonic_f,
          serial_demonic_e, serial_demonic_g, serial_demonic_a, serial_demonic_c
D:8:      layout_loops_corners, lemuel_coloured_pillars_altar,
          mainiacjoe_overflow_catch_the_wave, gammafunk_ghost_split
D:9:      layout_stronghold, led_xom_imps, serial_shops,
          nicolae_shop_window_shopping, nicolae_diode_basic
D:10:     layout_long_grid, enter_bailey_3, minmay_misc_feat_square,
          minivault_22, uniq_joseph
D:11:     layout_basic, lair_entry_dummy, hangedman_decor_slide_cut
D:12:     layout_loops_ring, david_orc_4, uniq_fannar
D:13:     minmay_expanding_squares, layout_loops_corners, david_vaults_4,
          minmay_misc_feat_hallway, kennysheep_four_rooms
D:14:     layout_basic, minmay_crystal_water, serial_co_window_serial,
          co_window_paths_a, co_window_paths_b, co_window_corner_a,
          co_window_of_opportunity_a, co_window_paths_a, co_window_2corner,
          co_window_cross_2, co_window_paths_c, co_window_broadway_a,
          glass_columns_b, glass_columns_a, glass_columns_c, glass_columns_b,
          uniq_louise
D:15:     grunt_enter_depths_magical_seal, layout_irregular_city,
          cheibrodos_ashenzari_chains, nicolae_tso_swordbearing_angel,
          uniq_kirke
Temple:   minmay_temple_curvy_branch
Lair:1:   layout_regular_city, minmay_stone_trees_small, patterned_corridor
Lair:2:   layout_cave_pods, serial_bayou_pond_c
Lair:3:   layout_roguey, swamp_mist, nicolae_spider_entry_orb_guardian
Lair:4:   layout_regular_city, slime_entry_2, cheibrodos_lair_caveside_slide,
          uniq_nessos, uniq_urug
Lair:5:   gammafunk_lair_ancient_temple, layout_cave_pods,
          nicolae_quartered_pool_little, guppyfry_lair_drakes
Swamp:1:  layout_basic_swamp, evilmike_swamp_ruin_wall,
          infiniplex_staircase_pool
Swamp:2:  nicolae_swamp_long_stream, layout_falls_marsh,
          hangedman_swamp_ruin_wall, swamp_pool1, nicolae_swamp_soggy_hallways
Swamp:3:  layout_falls_marsh, evilmike_swamp_ruin_house_2
Swamp:4:  swamp_basic_johnstein, layout_basic_swamp, swamp_pool2,
          hangedman_swamp_lotus
Spider:1: layout_spider_delve
Spider:2: layout_chambers
Spider:3: layout_spider_delve
Spider:4: hellmonk_spider_rune_bug_friends
Orc:1:    layout_caves
Orc:2:    st_orc_mages, layout_diamond_mine, serial_shops,
          nicolae_shop_behind_doors, basic_altar
Elf:1:    minmay_elf_arrival_summoners, layout_geoelf_diagonals, serial_shops,
          nicolae_diamond_shop, nicolae_diamond_shop, minmay_elf_demonology,
          minivault_24, uniq_agnes

Skill      XL: |  1  2  3  4  5  6  7  8  9 10 11 12 13 14 15 16 17 18 |
---------------+-------------------------------------------------------+-----
Unarmed Combat | 3 4 5 6 7 8 9 10 11 12 13 | 13.4
Transmutations | 2 3 4 5 6 7 8 9 10 11 12 13 | 13.2
Ice Magic      | 1 2 3 4 5 6 7 |  7.0
Fighting       | 1 3 5 6 7 8 9 10 11 | 11.7
Dodging        | 2 4 5 6 7 8 9 10 11 | 11.8
Spellcasting   | 3 5 6 7 8 9 10 | 10.2
Summonings     | 3 5 6 7 8 9 10 | 10.0
Hexes          | 3 4 6 |  6.0
Earth Magic    | 2 4 5 7 |  7.0
Shields        | 2 3 |  3.3
Translocations | 3 6 7 |  7.0

Action                     |  1- 3 |  4- 6 |  7- 9 | 10-12 | 13-15 | 16-18 || total
---------------------------+-------+-------+-------+-------+-------+-------++-------
  Melee: Dagger            |   143 |   114 |       |       |       |       ||   257
         Unarmed           |     9 |     9 |   258 |   636 |   746 |   613 ||  2271
         Kick              |    15 |    13 |       |       |       |       ||    28
         Headbutt          |     9 |     9 |       |       |       |       ||    18
         Punch             |     2 |     1 |       |       |       |       ||     3
         Staff             |       |       |       |     3 |       |       ||     3
   Fire: Sling             |    10 |     8 |    51 |    21 |    10 |     5 ||   105
         Longbow           |       |       |       |       |     1 |       ||     1
  Throw: Dart              |       |     3 |       |       |       |     1 ||     4
         Throwing net      |       |     1 |       |       |       |       ||     1
   Cast: Beastly Appendage |    25 |    12 |       |       |       |       ||    37
         Wereblood         |     1 |     6 |     6 |    21 |    15 |    14 ||    63
         Ice Form          |       |     4 |    28 |    55 |    22 |       ||   109
         Summon Ice Beast  |       |       |       |    45 |    79 |    26 ||   150
         Spider Form       |       |       |       |     2 |       |       ||     2
         Summon Mana Viper |       |       |       |     8 |    96 |    55 ||   159
         Statue Form       |       |       |       |       |    58 |    55 ||   113
         Summon Forest     |       |       |       |       |    14 |    25 ||    39
         Passage of Golubr |       |       |       |       |       |     5 ||     5
         Yara's Violent Un |       |       |       |       |       |     1 ||     1
Ability: End Transformatio |       |       |     1 |     4 |     8 |     1 ||    14
  Evoke: Wand              |       |       |       |     4 |     4 |       ||     8
         Phantom mirror    |       |       |       |       |     2 |       ||     2
    Use: Potion            |       |       |     5 |     5 |     4 |    11 ||    25
         Scroll            |       |       |     7 |    15 |    20 |     8 ||    50
   Stab: Sleeping          |       |     1 |       |       |     1 |     1 ||     3
         Held in net/web   |       |     1 |       |       |       |       ||     1
         Distracted        |       |       |       |     1 |     9 |    15 ||    25
 Armour: Leather armour    |    42 |    40 |     5 |       |       |       ||    87
         Robe              |     2 |       |       |     6 |    12 |    25 ||    45
         Skin              |       |     2 |    70 |   267 |   566 |   546 ||  1451
  Dodge: Dodged            |    76 |    72 |   103 |   370 |   685 |   736 ||  2042
  Block: Buckler           |       |       |       |       |   211 |   300 ||   511

Table legend: (Time is in decaauts)
 A = Elapsed time spent in this place.
 B = Non-inter-level travel time spent in this place.
 C = Inter-level travel time spent in this place.
 D = Time resting spent in this place.
 E = Time spent auto-exploring this place.
 F = Levels seen in this place.
 G = Mean time per level.
                   A        B        C        D        E       F      G
               +--------+--------+--------+--------+--------+-----+--------+
         Total |  35715 |  31955 |   3760 |   4285 |  14003 |  33 | 1082.3 |
       Dungeon |  16547 |  14936 |   1611 |    722 |   8943 |  15 | 1103.1 |
        Temple |     15 |     15 |      0 |      0 |      0 |   1 |   15.0 |
          Lair |   5881 |   5144 |    737 |    590 |   2460 |   5 | 1176.2 |
         Swamp |   5086 |   4424 |    662 |    992 |   1118 |   4 | 1271.5 |
   Spider Nest |   5671 |   5210 |    461 |   1432 |   1048 |   4 | 1417.8 |
  Orcish Mines |   1985 |   1697 |    288 |    436 |    433 |   2 |  992.5 |
   Elven Halls |     41 |     41 |      0 |      0 |      0 |   1 |   41.0 |
        Bailey |    485 |    485 |      0 |    111 |      0 |   1 |  485.0 |
               +--------+--------+--------+--------+--------+-----+--------+

Top non-repeatable levels by time:
Spider:2: 1941 daAuts
    D:12: 1659 daAuts
     D:6: 1558 daAuts
   Orc:2: 1547 daAuts
 Swamp:4: 1509 daAuts
 Swamp:1: 1501 daAuts
  Lair:4: 1467 daAuts
Spider:4: 1441 daAuts
     D:8: 1343 daAuts
  Lair:1: 1325 daAuts
 Swamp:2: 1282 daAuts
    D:14: 1281 daAuts
  Lair:2: 1281 daAuts
Spider:3: 1256 daAuts
     D:7: 1220 daAuts
